Cogmind - Beta 9.6 @@@ ROGUE MODE // 2020.06.03 @ 22:16:08 Player: pGoos Result: Destroyed by G-34 Mercenary with Small Laser Performance ------------- Evolutions (1) 500 Regions Visited (3) 600 Robots Destroyed (13) 65 Value Destroyed (351) 351 Prototype IDs (0) 0 Alien Tech Used (0) 0 Bonus (133) 133 TOTAL SCORE: 1649 Bonus ------- Follower Combat Kills 145 Friendly Fire -12 Cogmind --------- Core Integrity 0/400 Matter 266/300 Energy 94/100 System Corruption 0% Temperature Cool (12) Movement Core (350) Ox6 Location -9/Materials Parts ------- > --- POWER (1) -------- (None) > --- PROPULSION (2) --- (None) > --- UTILITY (4) ------ Large Storage Unit Seismic Analyzer > --- WEAPON (2) ------- Welding Torch Hammer > --- INVENTORY (10) --- Aluminum Leg Aluminum Leg Improved Heat Sink Medium Storage Unit Large Storage Unit Advanced Visual Processing Unit Peak State ------------ > --- POWER ------------ Light Nuclear Core > --- PROPULSION ------- Aluminum Leg Aluminum Leg > --- UTILITY ---------- Large Storage Unit Improved Terrain Scanner Seismic Analyzer Light Armor Plating > --- WEAPON ----------- Small Laser Heavy Assault Rifle > --- INVENTORY -------- Aluminum Leg Aluminum Leg Improved Heat Sink Medium Storage Unit Large Storage Unit Advanced Visual Processing Unit EM Pulse Gun Particle Gun Light Assault Rifle Hammer [Rating: 14] Favorites ----------- Power Ion Engine Engine Ion Engine Power Core Light Nuclear Core Propulsion Wheel Leg Aluminum Leg Wheel Wheel Utility Large Storage Unit Device Improved Terrain Scanner Storage Large Storage Unit Processor Seismic Analyzer Protection Light Armor Plating Weapon Assault Rifle Energy Gun Medium Laser Ballistic Gun Assault Rifle Special Weapon Welding Torch Impact Weapon Hammer Build | -11 -10 -10 -9 ------- Run | Scr Mat Min Mat Slots Evolved 2 | . . . 2 Power . | . . . . Propulsion . | . . . . Utility 2 | . . . 2 Weapon . | . . . . Parts Attached 25 | 7 1 1 16 Power 3 | 1 . . 2 Engine 2 | 1 . . 1 Core 1 | . . . 1 Reactor . | . . . . Propulsion 6 | 2 . 1 3 Treads . | . . . . Leg 3 | . . . 3 Wheel 3 | 2 . 1 . Hover . | . . . . Flight . | . . . . Utility 7 | 2 1 . 4 Device 2 | 1 . . 1 Storage 2 | 1 1 . . Processor 1 | . . . 1 Hackware . | . . . . Protection 2 | . . . 2 Artifact . | . . . . Weapon 9 | 2 . . 7 Energy Gun 4 | 1 . . 3 Energy Cannon . | . . . . Ballistic Gun 3 | 1 . . 2 Ballistic Cannon . | . . . . Launcher . | . . . . Special Weapon 1 | . . . 1 Impact Weapon 1 | . . . 1 Slashing Weapon . | . . . . Piercing Weapon . | . . . . Special Melee Weapon . | . . . . Unidentified Prototypes . | . . . . Parts Lost 13 | . . . 13 Power 2 | . . . 2 Propulsion 3 | . . . 3 Utility 3 | . . . 3 Weapon 5 | . . . 5 Highest Loss Streak 9 | . . . 9 Average Slot Usage (%) 91 | . 100 100 86 Engine 6 | . 14 14 2 Core 2 | . . . 4 Leg 10 | . . . 16 Wheel 12 | . 28 28 3 Device 11 | . 14 14 10 Storage 12 | . 14 14 11 Processor 7 | . . . 11 Protection 3 | . . . 5 Energy Gun 9 | . 14 14 7 Ballistic Gun 13 | . 14 14 13 Naked Turns . | . . . . Heaviest Build 29 | 14 26 26 29 Greatest Support 20 | 20 20 20 20 Greatest Overweight (x) 8 | 1 1 1 8 Average Overweight (x) . | . . 1 1 Largest Inventory Capacity 10 | 6 10 10 10 Average Capacity 9 | 5 8 10 10 Most Carried 10 | 6 8 10 10 Average Carried 8 | 2 7 9 9 Final Capacity 10 | 6 10 10 10 Final Carried 10 | 6 8 10 6 Class Distribution -------------------- 46% | Scavenger-Mutant 43% | Mutant 9% | Skirmisher Dominant Class ---------------- Mutant | -10/Materials Mutant | -10/Mines Scavenger-Mutant | -9/Materials Resources | -11 -10 -10 -9 ----------- Run | Scr Mat Min Mat Matter Collected 489 | 243 . 77 169 Remotely . | . . . . Salvage Created 431 | 24 . 79 328 Parts 37 | 3 . 9 25 Haulers Intercepted . | . . . . Recyclers Shooed 1 | 1 . . . Parts Field Recycled . | . . . . Retrieved Matter . | . . . . Parts Self-Destructed . | . . . . Prevented . | . . . . Kills | -11 -10 -10 -9 ------- Run | Scr Mat Min Mat Combat Hostiles Destroyed 12 | . . 3 9 Guns 12 | . . 3 9 Classes Destroyed 4 | 1 . 2 1 Tunneler 1 | 1 . . . Swarmer 5 | . . 2 3 Grunt 4 | . . 1 3 Sentry 3 | . . . 3 Best Kill Streak 3 | 1 . 2 3 Combat Bots Only 3 | . . 2 3 Max Kills in Single Turn 1 | 1 . 1 1 Gunslinging . | . . . . Exploded . | . . . . Melee . | . . . . Uniques/NPCs Destroyed . | . . . . Combat | -11 -10 -10 -9 -------- Run | Scr Mat Min Mat Damage Taken 1553 | . 39 103 1411 Core 477 | . 33 36 408 Absorbed by Shields . | . . . . Core Remaining (%) 86 | 100 . 72 . Volleys Fired 51 | 2 . 10 39 Largest 2 | 2 . 2 2 Hottest 85 | 70 . 70 85 Shots Fired 95 | 4 . 20 71 Gun 95 | 4 . 20 71 Cannon . | . . . . Launcher . | . . . . Special . | . . . . Kinetic 54 | 2 . 10 42 Thermal 37 | 2 . 10 25 Explosive . | . . . . Electromagnetic 4 | . . . 4 Robot Hit Streak 6 | 2 . 6 5 Robot Miss Streak 4 | 1 . 2 4 Penetration Max . | . . . . Secondary Targets 1 | . . 1 . Max Gunslinging Chain 1 | . . 1 . Shots Hit Robots 60 | 2 . 11 47 Core Hits 24 | 1 . 4 19 Critical Hits . | . . . . Critical Kills . | . . . . Critical Parts Destroyed . | . . . . Melee Attacks 5 | . . . 5 Impact 5 | . . . 5 Slashing . | . . . . Piercing . | . . . . Sneak Attacks . | . . . . Combat Hostiles . | . . . . Follow-up Attacks . | . . . . Damage Inflicted 827 | 36 . 174 617 Guns 724 | 36 . 162 526 Cannons . | . . . . Explosions . | . . . . Melee 91 | . . . 91 Ramming 12 | . . 12 . Kinetic 363 | 11 . 63 289 Thermal 319 | 25 . 99 195 Explosive . | . . . . Electromagnetic 42 | . . . 42 Impact 91 | . . . 91 Slashing . | . . . . Piercing . | . . . . Highest Corruption . | . . . . Average Corruption . | . . . . Corruption Purged . | . . . . Overload Shots . | . . . . Overflow Damage . | . . . . Projectiles . | . . . . Explosions . | . . . . Melee . | . . . . Knockbacks . | . . . . Impact . | . . . . Kinetic . | . . . . Secondary . | . . . . Self-Inflicted Damage 5 | . . 5 . Shots . | . . . . Rammed 3 | . . 3 . Targets Rammed 3 | . . 3 . Kicked . | . . . . Crushed . | . . . . Highest Temperature 173 | 18 . 60 173 Average Temperature 36 | 10 . 21 43 Received Heat Transfer 624 | . . 24 600 Siege Activations . | . . . . Robots Corrupted . | . . . . Combat Hostiles . | . . . . Parts Fried . | . . . . Impact Corruptions . | . . . . Robots Melted . | . . . . Combat Hostiles . | . . . . Parts Melted 1 | . . . 1 Heat Transferred 830 | 74 . 296 460 Parts Sabotaged . | . . . . Parts Stolen . | . . . . Parts Stripped . | . . . . Power Chain Reactions . | . . . . Missiles Intercepted . | . . . . Alert | -11 -10 -10 -9 ------- Run | Scr Mat Min Mat Peak Influence 345 | 5 18 107 345 Average Influence 129 | 1 6 50 195 Maximum Alert Level 1 | . . . 1 Low Security (%) 72 | 100 100 100 53 Level 1 27 | . . . 46 Level 2 . | . . . . Level 3 . | . . . . Level 4 . | . . . . Level 5 . | . . . . High Security . | . . . . Max Security . | . . . . Squads Dispatched 3 | . . . 3 Investigation 1 | . . . 1 Extermination . | . . . . Reinforcement 2 | . . . 2 Assault . | . . . . Garrison . | . . . . Intercept . | . . . . Construction Impeded . | . . . . Haulers Reinforced . | . . . . Stealth | -11 -10 -10 -9 --------- Run | Scr Mat Min Mat Distress Signals . | . . . . Communications Jammed . | . . . . Distress Signals . | . . . . Times Spotted 46 | . 4 13 29 Peak Tracking Total 7 | . 4 5 7 Tactical Retreats 5 | . . 2 3 Traps | -11 -10 -10 -9 ------- Run | Scr Mat Min Mat Traps Triggered 2 | . 1 . 1 Indirectly . | . . . . Trap Hack Attempts . | . . . . Triggered . | . . . . Disarmed . | . . . . Reprogrammed . | . . . . Reused . | . . . . Traps Extracted . | . . . . Installed . | . . . . Triggered . | . . . . Machines | -11 -10 -10 -9 ---------- Run | Scr Mat Min Mat Machines Disabled 1 | . . . 1 Max in Single Turn . | . . . . Machines Sabotaged . | . . . . Garrisons Compromised . | . . . . Overloaded Fab Kills . | . . . . Fab Network Shutdowns . | . . . . Hacking | -11 -10 -10 -9 --------- Run | Scr Mat Min Mat Machines Accessed . | . . . . Terminals . | . . . . Fabricators . | . . . . Repair Stations . | . . . . Recycling Units . | . . . . Scanalyzers . | . . . . Garrison Access . | . . . . Total Hacks . | . . . . Successful . | . . . . Failed . | . . . . Catastrophic . | . . . . Database Lockouts . | . . . . Manual . | . . . . Terminals . | . . . . Fabricators . | . . . . Repair Stations . | . . . . Recycling Units . | . . . . Scanalyzers . | . . . . Garrison Access . | . . . . Terminal Hacks . | . . . . Fabricator Hacks . | . . . . Repair Station Hacks . | . . . . Recycling Unit Hacks . | . . . . Scanalyzer . | . . . . Garrison Access Hacks . | . . . . Unauthorized Hacks . | . . . . Terminals . | . . . . Fabricators . | . . . . Repair Stations . | . . . . Recycling Units . | . . . . Scanalyzers . | . . . . Garrison Access . | . . . . Data Cores Recovered . | . . . . Used . | . . . . Hacking Detections . | . . . . Full Trace Events . | . . . . Feedback Events . | . . . . Feedback Blocked . | . . . . Robot Schematics Acquired . | . . . . Robots Built . | . . . . Matter . | . . . . Time . | . . . . Total Robot Build Rating . | . . . . Part Schematics Acquired . | . . . . Parts Built . | . . . . Matter . | . . . . Time . | . . . . Total Part Build Rating . | . . . . Parts Repaired . | . . . . Time . | . . . . Parts Recycled . | . . . . Recycled Matter . | . . . . Retrieved Matter . | . . . . Retrieved Components . | . . . . Parts Scanalyzed . | . . . . Part Schematics Acquired . | . . . . Parts Damaged . | . . . . Bothacking | -11 -10 -10 -9 ------------ Run | Scr Mat Min Mat Used RIF Installer . | . . . . Robots Hacked . | . . . . Non-combat . | . . . . Combat . | . . . . Robot Hacks Applied . | . . . . Relay Couplers Released . | . . . . Robots Rewired . | . . . . Allies Hacked . | . . . . Hacks Repelled . | . . . . Allies | -11 -10 -10 -9 -------- Run | Scr Mat Min Mat Total Allies 5 | . . 5 . Largest Group 3 | . . 3 3 Highest-Rated Group 40 | . . 40 40 Highest-Rated Ally 31 | . . 31 16 Total Orders 1 | . . . 1 GOTO 1 | . . . 1 Ally Attacks 42 | . . 14 28 Total Damage 402 | . . 120 282 Kills 11 | . . 4 7 Allies Corrupted . | . . . . Allies Melted . | . . . . Intel | -11 -10 -10 -9 ------- Run | Scr Mat Min Mat Robot Analysis Total . | . . . . Derelict Logs Recovered 1 | . . 1 . Drone Launches . | . . . . Drone Recoveries . | . . . . Exploration | -11 -10 -10 -9 ------------- Run | Scr Mat Min Mat Turns Passed 771 | 63 40 214 454 Spaces Moved 483 | 52 43 190 198 Core 12 | 9 . . 3 Treads . | . . . . Legs 138 | . . . 138 Wheels 333 | 43 43 190 57 Hover . | . . . . Flight . | . . . . Fastest Speed 50 | 50 80 90 90 Average Speed 107 | 78 85 90 136 Slowest Speed 450 | 100 90 90 450 Overloaded Moves . | . . . . Propulsion Burnouts . | . . . . Robots Hopped . | . . . . Cave-ins Triggered . | . . . . Exploration Rate (%) 19 | 4 16 43 16 Regions Visited 3 Branch Regions 1 Pre-discovered Areas 1 | . . 1 . Known Exits Taken . | . . . . Unknown Exits Taken 3 | 1 1 1 . Scrap Searched 2 | . . 2 . Spaces Dug . | . . . . Terrain Destroyed . | . . . . Melee . | . . . . Projectile . | . . . . AOE . | . . . . Actions | -11 -10 -10 -9 --------- Run | Scr Mat Min Mat Total 637 | 66 46 214 311 Wait 35 | . . 2 33 Move 480 | 51 42 189 198 Hop . | . . . . Pick Up 21 | 6 2 5 8 Fast Attach 12 | 7 . . 5 Attach 8 | . . . 8 Detach 2 | . . . 2 Swap 5 | . 1 1 3 Drop 15 | . 1 4 10 Fire 51 | 2 . 10 39 Melee 5 | . . . 5 Ram 3 | . . 3 . Kick . | . . . . Crush . | . . . . Escape Stasis . | . . . . Rewire . | . . . . Trap . | . . . . Miscellaneous . | . . . . Route ------- -11/Scrapyard -10/Materials -10/Mines (discovered 2 exits: [*Mat x2]) -9/Materials History --------- Turn | Location | Event 26 | -11/Scrapyard | Discovered new exit (range 16) 64 | -11/Scrapyard | Entered Materials 79 | -10/Materials | Discovered new exit (range 13) 104 | -10/Materials | Entered Mines 195 | -10/Mines | Assembled infested the area 200 | -10/Mines | Assisted by a Guerilla fighting off Assembled 239 | -10/Mines | Discovered new exit (range 5) 282 | -10/Mines | Discovered new exit (range 11) 295 | -10/Mines | Assisted by bots powering up and referring to "LRC-V3" 318 | -10/Mines | Entered Materials 318 | -9/Materials | Accompanied by 3 allies 318 | -9/Materials | Evolved 2 slots: Utility x2 686 | -9/Materials | Build established: Scavenger-Mutant 756 | -9/Materials | Core integrity fell below 50% 767 | -9/Materials | Core integrity fell below 20% 772 | -9/Materials | Destroyed by G-34 Mercenary with Small Laser Last Messages --------------- 00718_ Hvy. Assault Rifle destroyed. 00721_ Processing Tank disabled. 00725_ K-01 Serf collects debris. 00732_ G-34 Mercenary destroyed. 00733_ K-01 Serf collects debris. 00734_ Y-45 Defender destroyed. 00736_ Particle Gun destroyed. 00736_ K-01 Serf collects debris. 00741_ Lgt. Ion Engine destroyed. 00744_ Lgt. Assault Rifle destroyed. 00744_ K-01 Serf collects debris. 00744_ G-34 Mercenary destroyed. 00744_ Aluminum Leg destroyed. 00747_ K-01 Serf collects debris. 00750_ EM Pulse Gun destroyed. 00750_ K-01 Serf collects debris. 00752_ Aluminum Leg destroyed. 00753_ K-01 Serf collects debris. 00768_ Acquired Welding Torch. 00768_ K-01 Serf collects debris. Map ----- +----------------------------------------------------+ | ?#??? # # =%# """ ""??? #??????????? | | ?##?# ########## *##?#####?###?#??????????? | | ?#### ######### == #?###??#?#?????????????? | | #?#?# * ##?#??#??##????????????? | | ?#?## #####?#?##??#??????????? | | ?#### ###??#######? ?????????? | | #?#######+##### [#######?#?#?#??????????? | | ## ? ? ?##### ####???####?#?"????????? | | ?#? ? ?####%###?#?#?????#? ????????? | | #?? ?? ? "Y" #####[###?###??##?#?#????????? | | ## """ ?####%#?#####?#??????????????? | | ?#??? #####!#####?#####????????????? | | #?## ##?########### ##### #???#????????? | | ?########## =*[ ##???????????? | | #?#?##%%=![ [%! !%= ####?????????? | | ##??## #### !%= [ #?#?#????????? | | ######%### % ############ #???#????????? | | ?###?# ### ############# ##????????????? | | ?#??##*### = ##########?#? #??? ?????????? | | ###### ###!%=##?? ? ?? # # ????????????? | | ###??# ### [ #?# ? +? ?+?????????????? | | ?##### ### #?# "?"?#? ?? ?"?????????? | | ?##### ### ### """ ? ??#?????????????? | | ###### ### ############# #?????????????? | | #?#### ### [%* g ! #?????????????? | | ??#### ###% !=[%kg@%= #? ???????????? | | #?#### #?# % "" [g "!g """ #?????????????? | | #?####+### """ " "=k "T" +?? ??????????? | | #? # """ """ ??????????????? | | ? ?""" ? # """ k""" u#?????????????? | | ? "?" ? # """ """ #?????????????? | | ?????? # a #?????????????? | | ? ???? ??+ o o + ????????????? | | ????? ""# ###???????????? | | ???????T?# ##T#######+##+#?????????????? | | ?????????## #??##????? ?? ?????????????? | | ?????????## ???#???? ???""??#????????????? | | ??????????# ?????????? ??????????????????? | | ??????????? ????????#?????????????????????? | | ??????????# ??????????????????????????????? | | ????????#?? ??????????????????????????????? | | ???????????????????????????????????????????? | | ???????????????????????????????????????????? | | ???????????????????????????????????????????? | | ???????????????????????????????????????????? | | ???????????????????????????????????????????? | | ???????????????????????????????????????????? | | ???????????????????????????????????????????? | | ???????????????????????????????????????????? | | ???????????????????????????????????????????? | +----------------------------------------------------+ Best States ------------- Heat Dissipation 28 Energy Generation 14 Energy Capacity 250 Matter Stores 300 Matter Capacity 300 Sight Range 16 Robot Scan Range 10 Terrain Scan Range 16 Terrain Scan Density 60 Armor Coverage 150 Evasion (%) 44 Item Schematics ----------------- None Robot Schematics ------------------ None Fabricated ------------ Nothing Alien Tech Used ----------------- None Achievements -------------- None Challenges ------------ None Game ------ Seed BurstReactiveThruster Manual? 0 Play Time 00:19:29 Cumulative 38.5 hours Start 2020.06.03 @ 21:45:23 End 2020.06.03 @ 22:16:08 Sessions 1 Manual Loads 0 Difficulty Rogue Special Mode None Game No. 53 Rogue 53 Adventurer 0 Explorer 0 Win Type - Total 0 Types 0/0/0/0/0/0/0 Lore% 21 Gallery% 30 Achievement% 20 Wizard Run 0 Options --------- ASCII 0 Keyboard 1 Movement Numpad Keybinds 0 Fullscreen 2 Font 24/Terminus Map View 113x50 Tactical HUD 1 Map Filters NONE Filters NONE Steam 1 RUN: 58434660-541a-4469-a2c5-2e93d94a7f0e